 Dungeon Crawl Stone Soup version 0.26.0-10-g1f06aea511 (webtiles) character file.

Game seed: 16209980175669743984

2051 Borgoz the Cudgeller (level 9, -3/82 HPs)
             Began as a Gargoyle Berserker on Jan 18, 2021.
             Was an Elder of Trog.
             Slain by an orc warrior
             ... wielding a +0 halberd
              (21 damage)
             ... on level 6 of the Dungeon.
             The game lasted 00:07:02 (7041 turns).

Borgoz the Cudgeller (Gargoyle Berserker)           Turns: 7041, Time: 00:07:03

Health: -3/82      AC: 13    Str: 22    XL:     9   Next: 25%
Magic:  9/9        EV: 15    Int:  7    God:    Trog [****..]
Gold:   260        SH:  0    Dex: 18    Spells: 8/8 levels left

rFire    . . .     SeeInvis .   B - +1 flail (vorpal)
rCold    . . .     Faith    .   (no shield)
rNeg     + . .     Spirit   .   h - +0 ring mail
rPois    ∞         Reflect  .   (no helmet)
rElec    +         Harm     +   n - scarf {harm}
rCorr    .         Rampage  .   e - +0 pair of gloves
Will     .....                  (no boots)
Stlth    ..........             (no amulet)
HPRegen  0.23/turn              m - +6 ring of dexterity
MPRegen  0.11/turn              (no ring)

@: berserking (expiring), very quick
A: negative energy resistance 1, electricity resistance, unbreathing,
petrification resistance, miasma immunity, AC +6
a: Renounce Religion, Berserk, Trog's Hand, Brothers in Arms


You were on level 6 of the Dungeon.
You worshipped Trog.
Trog was greatly pleased with you.
You visited 2 branches of the dungeon, and saw 7 of its levels.
You also visited: Ossuary.

You collected 260 gold pieces.

Inventory:

Hand Weapons
 B - a +1 vorpal flail (weapon)
Armour
 e - a +0 pair of gloves (worn)
 h - a +0 ring mail (worn)
 n - a scarf of harm (worn)
Jewellery
 m - a +6 ring of dexterity (left hand)
 A - an uncursed ring of ice
Wands
 r - a wand of acid (6)
Scrolls
 b - 3 scrolls of teleportation
 f - 2 scrolls of enchant weapon
 i - a scroll of blinking {unknown}
 k - 2 scrolls of fog {unknown}
 p - 3 scrolls of immolation {unknown}
 v - 6 scrolls of remove curse
 y - 2 scrolls of amnesia {unknown}
 z - a scroll of noise {unknown}
Potions
 a - 2 potions of mutation {unknown}
 c - 2 potions of cancellation
 g - 2 potions of invisibility
 j - 13 potions of degeneration
 l - a potion of curing
 o - a potion of berserk rage
 q - 2 potions of flight
 s - 2 potions of haste
 t - 2 potions of attraction
 u - 2 potions of brilliance {unknown}
 w - 2 potions of heal wounds {unknown}
 x - 4 potions of lignification
 C - a potion of might


   Skills:
 + Level 6.1 Fighting
 * Level 7.5 Maces & Flails
 + Level 5.6 Armour
 * Level 6.0 Dodging


You had 8 spell levels left.
You didn't know any spells.
Your spell library was empty.

Dungeon Overview and Level Annotations

Branches:
Dungeon (6/15)             Temple (1/1) D:6         Ossuary (visited)

Altars:
Ashenzari
Cheibriados
Dithmenos
Elyvilon
Fedhas
Gozag
Hepliaklqana
Kikubaaqudgha
Makhleb
Okawaru
Qazlal
Ru
Sif Muna
Trog
Vehumet
Wu Jian
Xom
Yredelemnul
Zin
The Shining One

Shops:
D:5 !


Innate Abilities, Weirdness & Mutations

You are resistant to torment.
Your stone body is resilient. (AC +6)
You are immune to poison.
You resist negative energy. (rN+)
You are resistant to electric shocks. (rElec)
You can survive without breathing.
You are immune to petrification.
You are immune to miasma.


Message History

You are too injured to fight recklessly!
You barely miss the orc warrior.
The orc warrior hits you with a +0 halberd!
* * * LOW HITPOINT WARNING * * *
The orc hits you.
* * * LOW HITPOINT WARNING * * *
You are too injured to fight recklessly!
You are too injured to fight recklessly!
You are too injured to fight recklessly!
You closely miss the orc warrior. The orc closely misses you.
The orc warrior misses you.
You closely miss the orc warrior. You closely miss the orc warrior.
The orc closely misses you. The orc warrior closely misses you.
The orc wizard mumbles some strange words.
The orc wizard blinks!
You closely miss the orc warrior. The orc barely misses you.
You hit the orc warrior but do no damage.
The orc warrior hits you with a +0 halberd!!
You die...

......##......####
..................
.......#......###
.......#......#
.......#......#
.......######.# .......#
###.########## ........#
#............. ........#
#.##..@o.#..
..............#)o..#
.......#.##....#..#....
.......#.##....###......
#...# ...... #..# ......
#.# ..... #. #...


You could see an orc warrior and an orc.

Vanquished Creatures
  The ghost of kuzco6543 the Ruffian, a novice TrTm (D:5)
  2 ice beasts
  A phantom (D:6)
  An ogre (D:6)
  5 centaurs
  A bullfrog (D:6)
  The ghost of Hyawatha the Sneak, a weakling GrDe (D:5)
  A centaur zombie (Ossuary)
  5 orc priests
  A centaur skeleton (D:6)
  8 orc wizards
  Crazy Yiuf (D:2)
  2 worker ants (D:5)
  3 mummies (Ossuary)
  8 gnolls
  5 adders
  2 white imps
  2 ufetubi
  An ooze (D:3)
  An adder skeleton (D:6)
  An adder zombie (D:6)
  A worm (D:2)
  A dart slug (D:1)
  6 leopard geckos
  39 orcs
  A ball python (D:1)
  8 bats
  5 giant cockroaches
  6 goblins
  9 hobgoblins
  2 jackals (D:3)
  2 quokkas
  2 frilled lizards
  A gnoll zombie (Ossuary)
  2 goblin zombies (Ossuary)
  A hobgoblin zombie (Ossuary)
  6 kobolds
  A kobold zombie (Ossuary)
  2 orc zombies (Ossuary)
  11 rats
159 creatures vanquished.

Notes
Turn   | Place    | Note
-------+----------+-------------------------------------------
     0 | D:1      | Borgoz the Gargoyle Berserker began the quest for the Orb.
     0 | D:1      | Reached XP level 1. HP: 14/14 MP: 1/1
   184 | D:1      | Reached XP level 2. HP: 18/19 MP: 2/2
   512 | D:1      | Reached ** piety under Trog
   683 | D:1      | Reached XP level 3. HP: 23/23 MP: 3/3
  1225 | D:2      | Reached XP level 4. HP: 26/28 MP: 4/4
  1326 | D:2      | Found a runed translucent door.
  1327 | D:2      | Noticed Crazy Yiuf
  1336 | D:2      | Killed Crazy Yiuf
  1589 | D:2      | Found a hazy altar of Hepliaklqana.
  1589 | D:2      | You fall into a shaft and drop 2 floors!
  1604 | D:4      | Reached skill level 4 in Maces & Flails
  1609 | D:4      | Reached XP level 5. HP: 33/33 MP: 5/5
  1623 | D:4      | Found a sand-covered staircase.
  1651 | Ossuary  | Entered an ossuary
  2222 | D:4      | Reached XP level 6. HP: 34/38 MP: 6/6
  2457 | D:4      | Found a broken altar of Ashenzari.
  2573 | D:3      | Reached *** piety under Trog
  3150 | D:3      | Reached skill level 5 in Maces & Flails
  3169 | D:3      | Reached XP level 7. HP: 24/44 MP: 7/7
  3473 | D:3      | Reached **** piety under Trog
  4405 | D:5      | Entered Level 5 of the Dungeon
  4547 | D:5      | Found a runed translucent gate.
  4547 | D:5      | Found a runed translucent gate.
  4549 | D:5      | Found a runed translucent gate.
  4551 | D:5      | Noticed Hyawatha's ghost (weakling GrDe)
  4551 | D:5      | Noticed kuzco6543's ghost (novice TrTm)
  4578 | D:5      | Reached skill level 5 in Fighting
  4581 | D:5      | Reached skill level 6 in Maces & Flails
  4581 | D:5      | Reached XP level 8. HP: 12/49 MP: 8/8
  4918 | D:5      | Found Xyunan's Distillery.
  5268 | D:5      | Reached skill level 5 in Dodging
  5759 | D:5      | Killed Hyawatha's ghost
  5769 | D:5      | Killed kuzco6543's ghost
  5770 | D:5      | Reached skill level 7 in Maces & Flails
  5770 | D:5      | Reached skill level 5 in Armour
  6258 | D:6      | Found a staircase to the Ecumenical Temple.
  6263 | D:6      | Reached XP level 9. HP: 55/55 MP: 9/9
  6271 | Temple   | Entered the Ecumenical Temple
  7041 | D:6      | Slain by an orc warrior

Illustrated notes

Levels and vault maps discovered:
D:1:      mrwooster_arrival_arrow, layout_basic
D:2:      layout_rooms, nzn_hepliaklqana_mist_gate, due_unseen_surprise,
          uniq_crazy_yiuf_cottage
D:3:      layout_loops_ring, columned_hall_lemuel
D:4:      layout_basic, evilmike_ruin_ashenzari,
          lightli_ossuary_entry_decrepit_ruins
D:5:      layout_basic, serial_shops, shop, gammafunk_ghost_cemetery
D:6:      layout_basic, minmay_temple_entry_junction_2, serial_shops,
          shop_fountains, minmay_misc_feat_chi
Temple:   dpeg_five_rooms_temple

Skill      XL: |  1  2  3  4  5  6  7  8  9 |
---------------+----------------------------+-----
Dodging        | 2 3 4 5 6 |  6.0
Maces & Flails | 4 5 6 7 |  7.5
Armour         | 3 4 5 |  5.6
Fighting       | 4 5 6 |  6.1

Action                   |  1- 3 |  4- 6 |  7- 9 || total
-------------------------+-------+-------+-------++-------
Melee: Mace              |   124 |   206 |    20 ||   350
       Flail             |       |       |   169 ||   169
Invok: Berserk           |     2 |     3 |     3 ||     8
       Trog's Hand       |       |     2 |       ||     2
  Use: Scroll            |       |     1 |    11 ||    12
       Potion            |       |       |     2 ||     2
Armor: Animal skin       |    22 |       |       ||    22
       Ring mail         |    40 |    97 |    99 ||   236
       Skin              |       |       |     6 ||     6
Dodge: Dodged            |    96 |   151 |   137 ||   384
